Unix NetHack Version 5.0.0-0 post-release - last build Jun 10 2026 00:39:30 (3ee93aec679c4c4259841fe613dc97188e26a321,branch:main).

Game began 2026-07-03 22:40:00, ended 2026-07-03 23:50:28.

Enkindle23, neutral male gnomish Ranger

                                         ---
                                         `..              ..     --
                                    ------#----           -.|  --.-
                                     .........           `|.---...
                          ------------.`....---------   -.|..|..|
                          |......*|..|..*...|...|...|   |.|.....-
                          |`..|...|.........|...|`..|   |.#)..| ....
                          |...|......|......|...|...|   |%|.[.| ----
                        |.--+---|-----......--.-|...|   |.)%).|
                        |.......................--.---+--[|`..---
                        |.........`.`......{..........%.).|)%...----
                        |...........--...--..@o.--|---+--.|%..%....|
                        | --.------.|.....|.----|...|   |`|%.*.....|     ----
                           .      |.|.....|.|   |...|     |[.---..--     |..--
                                  +.|.._..|.    |...|     |%-- --.--------...|
                                  |.|.....|.|   |...|     |%|   -..|.--.....--
                                  -.-------.-   -----     |.|  ---..........|
                                   .       .              |.|  |.........----
                                   --     ---             -.|  |.....[<.--
                                                           .|  --..|.----
                                                                ------
Enkindle23 the Trailblazer   St:15 Dx:13 Co:17 In:14 Wi:13 Ch:7  Neutral
Dlvl:8  $:242 HP:0(55) Pw:30(30) AC:0  Xp:7 T:3350 

Latest messages:
 I - an uncursed candle.
 H - 2 uncursed candles.
 k - a blessed lamp called 1.
 g - an uncursed lamp called 1.
 D - an uncursed lock pick.
 r - an uncursed pick-axe.
 E - an uncursed towel.
 S - an uncursed blue gem.
 T - an uncursed orange gem.
 X - an uncursed violet gem.
 G - an uncursed yellowish brown gem.
 V - 2 uncursed stones called flint.
 U - an uncursed rock.
 What do you want to read? [*] ?
 What do you want to read? [*] <space>
 Never mind.
 What do you want to read? [*] <esc>
 Never mind.
 The orc-captain zaps a runed wand!
 The magic missile whizzes by you!
 a - a blessed +1 dagger (weapon in right hand).
 b - a +1 crossbow (alternate weapon; not wielded).
 The orc-captain swings her orcish bow.
 The orc-captain hits!
 The orc-captain swings her orcish bow.
 The orc-captain hits again!
 You hit the orc-captain!
 The orc-captain swings her orcish bow.
 The orc-captain just misses!
 The orc-captain swings her orcish bow.
 The orc-captain misses!
 You hit the orc-captain!
 You hit the orc-captain.
 The orc-captain swings her orcish bow.
 The orc-captain hits!
 The orc-captain swings her orcish bow.
 The orc-captain hits again!
 You miss the orc-captain.
 You hit the orc-captain.
 You hit the orc-captain.
 The orc-captain swings her orcish bow.
 The orc-captain hits!
 The orc-captain swings her orcish bow.
 The orc-captain hits again!
 You die...
 Do you want your possessions identified? [ynq] (y) y
 Do you want to see your attributes? [ynq] (y) y
 Do you want an account of creatures vanquished? [ynaq] (y) y
 Do you want to see your conduct and achievements? [ynq] (y) y
 Do you want to see the dungeon overview? [ynq] (y) y

Inventory:
 Coins    ('$')
  $ - 242 gold pieces
 Weapons  (')')
  c - 33 +2 crossbow bolts (in quiver pouch)
  d - 37 +0 crossbow bolts
  z - 14 poisoned +0 orcish arrows
  b - a +1 crossbow (alternate weapon; not wielded)
  s - 8 cursed -2 darts
  a - a blessed +1 dagger (weapon in right hand)
  x - a +0 knife
 Armor    ('[')
  A - an uncursed +0 orcish helm (being worn)
  W - an uncursed +0 pair of leather gloves (being worn)
  q - an uncursed +0 pair of water walking boots (being worn)
  L - an uncursed +1 shield of drain resistance (being worn)
  e - an uncursed +2 cloak of displacement (being worn)
  p - an uncursed +0 leather armor (being worn)
 Comestibles  ('%')
  B - an uncursed clove of garlic
  u - an uncursed food ration
  o - 2 uncursed lembas wafers
  m - 2 uncursed tripe rations
 Potions  ('!')
  Y - an uncursed potion of healing
  Q - an uncursed potion of invisibility
 Wands    ('/')
  h - a wand of digging (0:4)
  v - a wand of magic missile (0:7)
  J - a wand of magic missile (0:0)
  t - a wand of nothing (0:8)
  w - a wand of speed monster (0:3)
  C - a wand of striking (0:0)
  F - a wand of striking (0:0)
 Tools    ('(')
  O - an empty uncursed bag of holding
  y - an empty uncursed sack
  Z - an uncursed bugle
  D - an uncursed lock pick
  k - a blessed oil lamp
  g - an uncursed oil lamp
  r - a +0 pick-axe
  I - an uncursed tallow candle
  E - an uncursed towel
  H - 2 uncursed wax candles
 Gems/Stones  ('*')
  X - an uncursed fluorite stone
  S - an uncursed worthless piece of blue glass
  T - an uncursed worthless piece of orange glass
  G - an uncursed worthless piece of yellowish brown glass
  V - 2 uncursed touchstones
  U - an uncursed rock

Enkindle23 the Ranger's attributes:

Background:
 You were a Trailblazer, a level 7 male gnomish Ranger.
 You were neutral, on a mission for Venus
 who was opposed by Mercury (lawful) and Mars (chaotic).
 You were right-handed.
 You were in the Gnomish Mines, on level 8.
 You entered the dungeon 3350 turns ago.
 It was nighttime.
 You had 987 experience points, 293 more were needed to attain level 8.

Basics:
 You had 0 out of 55 hit points.
 You had all 30 energy points (spell power).
 Your armor class was 0.
 Your wallet contained 242 zorkmids.
 Autopickup was off.

Final Characteristics:
 Your strength was 15 (peak:16, limit:18/50).
 Your dexterity was 13 (limit:18).
 Your constitution was 17 (limit:18).
 Your intelligence was 14 (limit:19).
 Your wisdom was 13 (limit:18).
 Your charisma was 7 (limit:18).

Final Status:
 You weren't hungry.
 You were unencumbered.
 You were wielding a dagger.
 You were skilled in dagger.

Final Attributes:
 You were piously aligned.
 You were level-drain resistant.
 You were telepathic.
 You had automatic searching.
 You had infravision.
 You were displaced.
 You were stealthy.
 You could walk on water.
 You were warded.
 You are dead.

Miscellaneous:
 You encountered 1 bones level.
 Total elapsed playing time was 1 hour, 10 minutes and 27 seconds.

Major events:
 Turn
    1: Enkindle23 the neutral male gnomish Ranger entered the dungeon
  893: attained the rank of Lookout (level 3)
 1675: entered the Gnomish Mines
 2749: reached Mine Town
 3065: attained the rank of Trailblazer (level 6)
 3350: killed by an orc-captain

You didn't know any spells.

Skills:
 Fighting Skills
   bare handed combat [Unskilled]
   riding             [Unskilled]
 Weapon Skills
   dagger             [Skilled]
   knife              [Unskilled]
   axe                [Unskilled]
   pick-axe           [Unskilled]
   short sword        [Unskilled]
   morning star       [Unskilled]
   flail              [Unskilled]
   hammer             [Unskilled]
   quarterstaff       [Unskilled]
   polearms           [Unskilled]
   spear              [Unskilled]
   trident            [Unskilled]
   bow                [Unskilled]
   sling              [Unskilled]
   crossbow           [Skilled]
   dart               [Unskilled]
   shuriken           [Unskilled]
   boomerang          [Unskilled]
   whip               [Unskilled]
 Spellcasting Skills
   healing spells     [Unskilled]
   divination spells  [Unskilled]
   escape spells      [Unskilled]

Voluntary challenges:
 Character rerolling was not enabled.
 You were illiterate.
 You never genocided any monsters.
 You never polymorphed an object.
 You never changed form.
 You used no wishes.
Achievements:
 You entered a shop.
 You attained the rank of Lookout.
 You entered the Gnomish Mines.
 You entered Minetown.
 You attained the rank of Trailblazer.

 The Dungeons of Doom: levels 1 to 5
    Level 1:
    Level 2:
       A food shop.
    Level 3:
    Level 4:
       An armor shop, a fountain.
       Stairs down to The Gnomish Mines.
    Level 5:
 The Gnomish Mines: levels 5 to 8
    Level 5:
    Level 6:
    Level 7:
       Final resting place for
          Yurla-Wiz-Hum-Mal-Neu, killed by a blue jelly.
    Level 8: <- You were here.
       An altar, some fountains.
       Final resting place for
          you, killed by an orc-captain.


Vanquished creatures:
  5 orc-captains
  a gnome mummy
 an imp
  7 Uruk-hai
  6 orc shamans
  a rock mole
  a pony
  a fog cloud
  a shrieker
  a gnomish wizard
  a gray ooze
  2 elf zombies
  a straw golem
  a little dog
  a floating eye
  3 dwarves
 16 hill orcs
  a rothe
  a rabid rat
  a werejackal
 an iguana
  2 coyotes
  a gas spore
  2 hobbits
  2 giant rats
  2 cave spiders
  a yellow mold
  2 gnomes
  2 garter snakes
  2 gnome zombies
  2 geckos
  8 jackals
  a fox
  2 goblins
  5 sewer rats
  a grid bug
  4 lichens
  a kobold zombie
 10 newts
104 creatures vanquished.

No species were genocided or became extinct.

Game over:
                       ----------
                      /          \
                     /    REST    \
                    /      IN      \
                   /     PEACE      \
                  /                  \
                  |    Enkindle23    |
                  |      242 Au      |
                  |   killed by an   |
                  |   orc-captain    |
                  |                  |
                  |                  |
                  |       2026       |
                 *|     *  *  *      | *
        _________)/\\_//(\/(/\)/\//\/|_)_______

Goodbye Enkindle23 the Ranger...

You died in The Gnomish Mines on dungeon level 8 with 4526 points,
and 242 pieces of gold, after 3350 moves.
You were level 7 with a maximum of 55 hit points when you died.

